MLB
LOS ANGELES ANGELS @ CHICAGO WHITE SOX
09/06/2019
 
TOP OF THE 1ST
Los Angeles Angels batting - Pitching for Chicago White Sox : RHP Aaron Wilkerson
Pitching: RHP Aaron Wilkerson
Batting: LHB Kevin Kiermaier 0-0: Ball
1-0: Ball
2-0: Foul Ball, location: 2F
2-1: Ball
3-1: Foul Ball, location: 2F
3-2: Strikes out swinging
Batting: LHB Nick Markakis 0-0: Ball
1-0: Ball
2-0: Called Strike
2-1: Ball
3-1: Base on Balls
Batting: RHB Wil Myers 0-0: Ball
1-0: Ball
2-0: Called Strike
2-1: Ball
3-1: Foul Ball, location: 2F
3-2: Base on Balls
Nick Markakis to second
Batting: RHB Trevor Story 0-0: Called Strike
0-1: Fly out, F7 (Flyball, 7LSF, EV 89.4 MPH)
Batting: RHB Wilmer Flores 0-0: Called Strike
0-1: Fielders Choice at 2nd, 6-4 (Groundball, 6, EV 86.3 MPH)
Top of the 1st over - 0 runs, 0 hits, 0 errors, 2 left on base; Los Angeles 0 - Chicago 0
BOTTOM OF THE 1ST
Chicago White Sox batting - Pitching for Los Angeles Angels : RHP Kyle Hendricks
Pitching: RHP Kyle Hendricks
Batting: RHB Drew Jackson 0-0: Ball
1-0: Ball
2-0: Ball
3-0: Called Strike
3-1: Fly out, F8 (Line Drive, 8RD, EV 89.4 MPH)
Batting: LHB Michael Brantley 0-0: DOUBLE (Line Drive, 7LM, EV 90.6 MPH)
Batting: RHB Justin Turner 0-0: Ball
1-0: Foul Ball, location: 2F
1-1: Ball
Wild Pitch!
Michael Brantley to third
2-1: Ball
3-1: Foul Ball, location: 2F
3-2: Ground out 4-3 (Groundball, 4, EV 83.8 MPH)
Michael Brantley scores
Batting: LHB Corey Seager 0-0: Ball
1-0: Foul Ball, location: 2F
1-1: Fly out, F7 (Flyball, 7S, EV 85.0 MPH)
Bottom of the 1st over - 1 run, 1 hit, 0 errors, 0 left on base; Los Angeles 0 - Chicago 1
TOP OF THE 2ND
Los Angeles Angels batting - Pitching for Chicago White Sox : RHP Aaron Wilkerson
Batting: LHB Joey Wendle 0-0: Called Strike
0-1: Called Strike
0-2: Ball
1-2: Foul Ball, location: 2F
1-2: Ball
2-2: Foul Ball, location: 2F
2-2: Strikes out swinging
Batting: RHB Evan Longoria 0-0: Ball
1-0: Ball
2-0: Foul Ball, location: 2F
2-1: Ball
3-1: Fly out, F9 (Flyball, 89S, EV 75.6 MPH)
Batting: RHB Tyler Austin 0-0: Ball
1-0: Ball
2-0: Swinging Strike
2-1: Ball
3-1: Foul Ball, location: 2F
3-2: Foul Ball, location: 2F
3-2: SINGLE (Line Drive, 78M, EV 103.1 MPH)
Batting: RHB Mike Zunino 0-0: Called Strike
0-1: Called Strike
0-2: Fielders Choice at 2nd, 6-4 (Groundball, 56, EV 81.9 MPH)
Top of the 2nd over - 0 runs, 1 hit, 0 errors, 1 left on base; Los Angeles 0 - Chicago 1
BOTTOM OF THE 2ND
Chicago White Sox batting - Pitching for Los Angeles Angels : RHP Kyle Hendricks
Batting: LHB Brandon Belt 0-0: Called Strike
0-1: Called Strike
0-2: Ball
1-2: Ball
2-2: Foul Ball, location: 2F
2-2: Ground out 5-3 (Groundball, 56, EV 91.9 MPH)
Batting: LHB Andrew Toles 0-0: DOUBLE (Groundball, 5L, EV 103.1 MPH)
Batting: LHB Marco Hernandez 0-0: Called Strike
0-1: Ball
1-1: Called Strike
1-2: Ground out 6-3 (Groundball, 6, EV 79.4 MPH)
Andrew Toles to third
Batting: LHB Zack Granite 0-0: Called Strike
0-1: Ground out U3 (Groundball, 3S, EV 80.6 MPH)
Bottom of the 2nd over - 0 runs, 1 hit, 0 errors, 1 left on base; Los Angeles 0 - Chicago 1
TOP OF THE 3RD
Los Angeles Angels batting - Pitching for Chicago White Sox : RHP Aaron Wilkerson
Batting: LHB Kevin Kiermaier 0-0: Swinging Strike
0-1: Ball
1-1: Swinging Strike
1-2: Ground out 6-3 (Groundball, 6, EV 86.3 MPH)
Batting: LHB Nick Markakis 0-0: Swinging Strike
0-1: Foul Ball, location: 2F
0-2: Ball
1-2: Fly out, F9 (Flyball, 9LS, EV 72.5 MPH)
Batting: RHB Wil Myers 0-0: Fly out, F3 (Popup, 34S, EV 67.5 MPH)
Top of the 3rd over - 0 runs, 0 hits, 0 errors, 0 left on base; Los Angeles 0 - Chicago 1
BOTTOM OF THE 3RD
Chicago White Sox batting - Pitching for Los Angeles Angels : RHP Kyle Hendricks
Batting: RHB Alex Murphy 0-0: Ball
1-0: Called Strike
1-1: Ball
2-1: Ground out 6-3 (Groundball, 6, EV 79.4 MPH)
Batting: RHB Drew Jackson 0-0: Called Strike
0-1: Ball
1-1: Swinging Strike
1-2: Ball
2-2: Strikes out swinging
Batting: LHB Michael Brantley 0-0: Ball
1-0: Foul Ball, location: 2F
1-1: Ball
2-1: Foul Ball, location: 2F
2-2: Strikes out swinging
Bottom of the 3rd over - 0 runs, 0 hits, 0 errors, 0 left on base; Los Angeles 0 - Chicago 1
TOP OF THE 4TH
Los Angeles Angels batting - Pitching for Chicago White Sox : RHP Aaron Wilkerson
Batting: RHB Trevor Story 0-0: Called Strike
0-1: Ball
1-1: Fly out, F7 (Flyball, 7S, EV 87.5 MPH)
Batting: RHB Wilmer Flores 0-0: Fly out, F9 (Line Drive, 9D, EV 90.6 MPH)
Batting: LHB Joey Wendle 0-0: Ball
1-0: Foul Ball, location: 2F
1-1: Called Strike
1-2: Fly out, F9 (Flyball, 9, EV 90.0 MPH)
Top of the 4th over - 0 runs, 0 hits, 0 errors, 0 left on base; Los Angeles 0 - Chicago 1
BOTTOM OF THE 4TH
Chicago White Sox batting - Pitching for Los Angeles Angels : RHP Kyle Hendricks
Batting: RHB Justin Turner 0-0: Ball
1-0: Ball
2-0: Ball
3-0: Called Strike
3-1: Base on Balls
Batting: LHB Corey Seager Pickoff Throw to First - Out! 1-3
0-0: Ball
1-0: Ball
2-0: Ball
3-0: Called Strike
3-1: Base on Balls
Batting: LHB Brandon Belt 0-0: Ball
1-0: Called Strike
1-1: Called Strike
1-2: Ball
2-2: Ball
3-2: Foul Ball, location: 2F
3-2: Base on Balls
Corey Seager to second
Batting: LHB Andrew Toles 0-0: Swinging Strike
0-1: Ball
1-1: Called Strike
1-2: Fly out, F6 (Flyball, 6MD, EV 78.8 MPH)
Batting: LHB Marco Hernandez 0-0: Ball
1-0: Reached on error, E4 (Groundball, 4, EV 101.3 MPH)
Corey Seager to third
Brandon Belt to second
Batting: LHB Zack Granite 0-0: Foul Ball, location: 2F
0-1: Fly out, F7 (Line Drive, 7, EV 95.0 MPH)
Bottom of the 4th over - 0 runs, 0 hits, 1 error, 3 left on base; Los Angeles 0 - Chicago 1
TOP OF THE 5TH
Los Angeles Angels batting - Pitching for Chicago White Sox : RHP Aaron Wilkerson
Batting: RHB Evan Longoria 0-0: Fly out, F1 (Line Drive, P, EV 60.6 MPH)
Batting: RHB Tyler Austin 0-0: Called Strike
0-1: Foul Ball, location: 2F
0-2: Ball
1-2: Strikes out swinging
Batting: RHB Mike Zunino 0-0: Ball
1-0: Called Strike
1-1: Ball
2-1: Ground out 5-3 (Groundball, 56, EV 105.6 MPH)
Top of the 5th over - 0 runs, 0 hits, 0 errors, 0 left on base; Los Angeles 0 - Chicago 1
BOTTOM OF THE 5TH
Chicago White Sox batting - Pitching for Los Angeles Angels : RHP Kyle Hendricks
Batting: RHB Alex Murphy 0-0: Foul Ball, location: 2F
0-1: Foul Ball, location: 2F
0-2: Foul Ball, location: 2F
0-2: Ball
1-2: Ball
2-2: Fly out, F8 (Flyball, 8RD, EV 91.9 MPH)
Batting: RHB Drew Jackson 0-0: Ball
1-0: Ball
2-0: Ball
3-0: Called Strike
3-1: DOUBLE (Line Drive, 9LM, EV 110.6 MPH)
Batting: LHB Michael Brantley 0-0: Ball
1-0: Ball
Wild Pitch!
Drew Jackson to third
2-0: Swinging Strike
2-1: SINGLE (Groundball, 34, EV 89.4 MPH) (infield hit)
Drew Jackson scores
Batting: RHB Justin Turner 0-0: Ball
1-0: Ball
2-0: Swinging Strike
2-1: Foul Ball, location: 2F
2-2: Strikes out swinging
Batting: LHB Corey Seager 0-0: Fielders Choice at 2nd, 5-4 (Groundball, 56, EV 102.5 MPH)
Bottom of the 5th over - 1 run, 2 hits, 0 errors, 1 left on base; Los Angeles 0 - Chicago 2
TOP OF THE 6TH
Los Angeles Angels batting - Pitching for Chicago White Sox : RHP Aaron Wilkerson
Batting: LHB Kevin Kiermaier 0-0: Called Strike
0-1: Swinging Strike
0-2: Ball
1-2: Foul Ball, location: 2F
1-2: Ball
2-2: Fly out, F7 (Flyball, 7LSF, EV 83.8 MPH)
Batting: LHB Nick Markakis 0-0: Ball
1-0: Ball
2-0: Ball
3-0: Base on Balls
Batting: RHB Wil Myers 0-0: Ball
1-0: Ball
2-0: Fly out, F4 (Flyball, 34D, EV 85.6 MPH)
Batting: RHB Trevor Story 0-0: Ball
1-0: Ball
2-0: Fly out, F9 (Flyball, 89XD, EV 93.8 MPH)
Top of the 6th over - 0 runs, 0 hits, 0 errors, 1 left on base; Los Angeles 0 - Chicago 2
BOTTOM OF THE 6TH
Chicago White Sox batting - Pitching for Los Angeles Angels : RHP Kyle Hendricks
Pitching: RHP Chaz Roe
Batting: LHB Brandon Belt 0-0: Ball
1-0: Ball
2-0: Ball
3-0: Base on Balls
Batting: LHB Andrew Toles 0-0: Called Strike
0-1: Swinging Strike
0-2: Ball
1-2: Strikes out swinging
Batting: LHB Marco Hernandez 0-0: Ball
1-0: Grounds into double play, 5-4-3 (Groundball, 56, EV 96.9 MPH)
Bottom of the 6th over - 0 runs, 0 hits, 0 errors, 0 left on base; Los Angeles 0 - Chicago 2
TOP OF THE 7TH
Los Angeles Angels batting - Pitching for Chicago White Sox : RHP Aaron Wilkerson
Batting: RHB Wilmer Flores 0-0: Ball
1-0: Called Strike
1-1: Ball
2-1: Foul Ball, location: 2F
2-2: Ball
3-2: Base on Balls
Batting: LHB Joey Wendle 0-0: Ball
1-0: Sac Bunt to 5S - play at first, batter OUT! 5-4
Wilmer Flores to second
Pitching: LHP Richard Lovelady
Batting: RHB Evan Longoria 0-0: Called Strike
0-1: Called Strike
0-2: Foul Ball, location: 2F
0-2: Foul Ball, location: 2F
0-2: Fly out, F8 (Line Drive, 8LM, EV 107.5 MPH)
Batting: RHB Tyler Austin 0-0: Ball
1-0: Swinging Strike
1-1: Foul Ball, location: 2F
1-2: Strikes out swinging
Top of the 7th over - 0 runs, 0 hits, 0 errors, 1 left on base; Los Angeles 0 - Chicago 2
BOTTOM OF THE 7TH
Chicago White Sox batting - Pitching for Los Angeles Angels : RHP Chaz Roe
Pitching: RHP Hansel Robles
Batting: LHB Zack Granite 0-0: Ball
1-0: Ball
2-0: Called Strike
2-1: Ball
3-1: Base on Balls
Pitching: RHP Sam Tuivailala
Batting: RHB Alex Murphy 0-0: Called Strike
0-1: Called Strike
0-2: Ball
1-2: Strikes out swinging
Pitching: RHP Sam Dyson
Batting: RHB Drew Jackson 0-0: Ball
1-0: Ball
2-0: Called Strike
2-1: Swinging Strike
2-2: Foul Ball, location: 2F
2-2: Fly out, F8 (Flyball, 8RXD, EV 99.4 MPH)
Batting: LHB Michael Brantley 0-0: Ball
Zack Granite is caught stealing 2nd base 2-6
Bottom of the 7th over - 0 runs, 0 hits, 0 errors, 0 left on base; Los Angeles 0 - Chicago 2
TOP OF THE 8TH
Los Angeles Angels batting - Pitching for Chicago White Sox : LHP Richard Lovelady
Batting: RHB Mike Zunino 0-0: Ball
1-0: Ball
2-0: Ball
3-0: Foul Ball, location: 2F
3-1: Swinging Strike
3-2: SOLO HOME RUN (Flyball, 7LD, EV 105.6 MPH), Distance : 351 ft
Batting: LHB Kevin Kiermaier 0-0: Ball
1-0: Ball
2-0: Called Strike
2-1: Ground out 2-3 (Groundball, 2L, EV 77.5 MPH)
Batting: LHB Nick Markakis 0-0: Ball
1-0: Called Strike
1-1: Ground out 4-3 (Groundball, 4, EV 80.0 MPH)
Batting: RHB Wil Myers 0-0: Ball
1-0: Called Strike
1-1: SINGLE (Groundball, 6D, EV 95.0 MPH)
Pitching: RHP Trevor Gott
Batting: RHB Trevor Story 0-0: Ball
1-0: Foul Ball, location: 2F
1-1: Ball
2-1: Called Strike
2-2: Strikes out swinging
Top of the 8th over - 1 run, 2 hits, 0 errors, 1 left on base; Los Angeles 1 - Chicago 2
BOTTOM OF THE 8TH
Chicago White Sox batting - Pitching for Los Angeles Angels : RHP Sam Dyson
Pitching: RHP Jeurys Familia
Batting: LHB Michael Brantley 0-0: Called Strike
0-1: Ball
1-1: Ball
2-1: SINGLE (Groundball, 4D, EV 97.5 MPH)
Pitching: RHP Jesen Therrien
Batting: RHB Justin Turner 0-0: Called Strike
0-1: Foul Ball, location: 2F
0-2: Strikes out swinging
Pitching: LHP Luis Avilan
Batting: LHB Corey Seager 0-0: Ball
1-0: Ball
2-0: Foul Ball, location: 2F
2-1: Called Strike
2-2: Foul Ball, location: 2F
2-2: Ball
3-2: Foul Ball, location: 2F
3-2: Strikes out looking
Michael Brantley is caught stealing 2nd base 2-6
Batter strikes out.
Bottom of the 8th over - 0 runs, 1 hit, 0 errors, 0 left on base; Los Angeles 1 - Chicago 2
TOP OF THE 9TH
Los Angeles Angels batting - Pitching for Chicago White Sox : RHP Trevor Gott
Batting: RHB Wilmer Flores 0-0: Ball
1-0: Called Strike
1-1: Foul Ball, location: 2F
1-2: Foul Ball, location: 2F
1-2: SINGLE (Flyball, 89D, EV 96.3 MPH)
Batting: LHB Joey Wendle 0-0: Swinging Strike
0-1: Bunt missed!
0-2: Ball
1-2: Fly out, F7 (Flyball, 7, EV 86.3 MPH)
Batting: RHB Evan Longoria 0-0: Fly out, F6 (Line Drive, 6, EV 70.0 MPH)
Batting: RHB Tyler Austin 0-0: Called Strike
0-1: Called Strike
0-2: Ball
1-2: Strikes out looking
Top of the 9th over - 0 runs, 1 hit, 0 errors, 1 left on base; Los Angeles 1 - Chicago 2
Wednesday, December 11th, 2019 - OOTP Baseball 20.8 Build 73